 Dungeon Crawl Stone Soup version 0.30-a0-989-g0d87f670db (webtiles) character file.

Game seed: 9274680220265132587

49 jtron the Trooper (level 3, -5/29 HPs)
             Began as a Demonspawn Berserker on Apr 3, 2023.
             Was a Follower of Trog.
             Succumbed to their own poison gas
             ... on level 2 of the Dungeon.
             The game lasted 00:02:03 (981 turns).

jtron the Trooper (Demonspawn Berserker)             Turns: 981, Time: 00:02:04

Health: -5/29      AC:  4    Str: 17    XL:     3   Next: 51%
Magic:  3/3        EV: 14    Int:  8    God:    Trog [*.....]
Gold:   66         SH:  0    Dex: 14    Spells: 2/2 levels left

rFire   . . .      SeeInvis .    a - +1 falchion
rCold   . . .      Faith    .    (no shield)
rNeg    . . .      Spirit   .    d - +1 leather armour
rPois   .          Reflect  .    (no helmet)
rElec   .          Rampage  .    (no cloak)
rCorr   .                        (no gloves)
Will    .....                    (no boots)
Stlth   +                        (no amulet)
HPRegen 0.24/turn                (no ring)
MPRegen 0.08/turn                (no ring)

@: confused, mighty, lethally poisoned (-5 -> -36)
A: repulsion field 1
a: Renounce Religion, Berserk


You were on level 2 of the Dungeon.
You worshipped Trog.
Trog was aware of your devotion.
You visited 1 branch of the dungeon, and saw 2 of its levels.

You collected 66 gold pieces.

Inventory:

Hand Weapons
 a - a +1 falchion (weapon)
 b - a +0 sling
Armour
 d - a +1 leather armour (worn)


   Skills:
 * Level 3.5 Fighting
 * Level 3.2 Long Blades
 + Level 1.3 Ranged Weapons
 + Level 1.9 Armour
 + Level 1.8 Dodging


You had 2 spell levels left.
You didn't know any spells.
Your spell library was empty.

Dungeon Overview and Level Annotations

Branches:
Dungeon (2/15)

Altars:

Annotations:
D:2 1 runed translucent door, Crazy Yiuf, Sigmund


Innate Abilities, Weirdness & Mutations

You are surrounded by a mild repulsion field. (EV +2)


Message History

Found an escape hatch in the ceiling.
You open the door.
There is an open door here.
Found a hammer.
Found a runed translucent door.
Crazy Yiuf shouts!
Sigmund the Dreaded comes into view.
He is wielding a +0 scythe.
Sigmund is nearby!
a - a +0 falchion (weapon)
Sigmund shouts!
As you read the scroll labelled DELYIBBOPP, it crumbles to dust.
The air around you briefly surges with heat, but it dissipates.
It was a scroll of immolation.
As you read the scroll labelled KOPNAZX SOMU, it crumbles to dust.
It is a scroll of enchant armour.
Your +0 leather armour glows green for a moment.
The air fills with toxic fumes!
As you read the scroll labelled QIMOEKHLUSUI, it crumbles to dust.
It was a scroll of poison.
As you read the scroll labelled XUGE WIQOCSIUV, it crumbles to dust.
It is a scroll of enchant weapon.
Your +0 falchion glows red for a moment.
As you read the scroll labelled JOCLER ZUTUA, it crumbles to dust.
It is a scroll of identify.
j - a potion of might You feel very mighty all of a sudden.
Sigmund hits you but does no damage.
Sigmund hits you from afar with a +0 scythe.
Sigmund hits you from afar with a +0 scythe!
Sigmund gestures at you while chanting.
You are confused.
You aren't carrying any potions.
You are engulfed in poison gas.
You are poisoned.
* * * LOW HITPOINT WARNING * * *
You feel very sick. Sigmund misses you.
You're too confused to move!
You are engulfed in poison gas.
You are more poisoned.
* * * LOW HITPOINT WARNING * * *
You die...

.#.....#.)....# .#
...#...#.....(##.#
..............○..#
.......#####.....#
###........○....##
###.#.##..##○.#.# #
..#.#......#..#.####.###
............○.○..°○.....
..............#@@.##.#
.........####.#.#.#
.........# #.#.#○.○.#
.........# #.#.####○....
.........# #.#.# ...#
...#.....# ..#.# ..+
###'.....# ###.# .#
##.....# ... #
♣###.....#


You could see Sigmund.

Vanquished Creatures
  Terence (D:2)
  A worm (D:2)
  2 dart slugs
  2 endoplasms
  3 giant cockroaches
  2 goblins (D:1)
  A hobgoblin (D:1)
  A quokka (D:1)
  2 ball pythons (D:1)
  2 bats (D:1)
  2 kobolds
  A rat (D:2)
20 creatures vanquished.

Notes
Turn   | Place    | Note
-------+----------+-------------------------------------------
     0 | D:1      | jtron the Demonspawn Berserker began the quest for the Orb.
     0 | D:1      | Reached XP level 1. HP: 18/18 MP: 1/1
   251 | D:1      | Gained mutation: You are surrounded by a mild repulsion
                  | field. (EV +2) [demonic ancestry]
   251 | D:1      | Reached XP level 2. HP: 24/24 MP: 2/2
   799 | D:2      | Noticed Terence
   813 | D:2      | HP: 1/24 [Terence/+0 hand axe (8)]
   820 | D:2      | Killed Terence
   821 | D:2      | Reached skill level 1 in Ranged Weapons
   821 | D:2      | Reached XP level 3. HP: 9/29 MP: 3/3
   929 | D:2      | Found a runed translucent door.
   930 | D:2      | Noticed Crazy Yiuf
   958 | D:2      | Noticed Sigmund
   981 | D:2      | Succumbed to their own poison gas

Illustrated notes

Levels and vault maps discovered:
D:1:      scummos_arrival_hexagon, layout_loops_ring, serial_glass,
          glass_columns_a, glass_columns_c, minmay_strange_pillars,
          due_unseen_surprise, feat_on_display, st_stairs_12,
          minmay_stone_trees_small, amethyst_killhole, minmay_misc_feat_rugged,
          minmay_misc_feat_pillars, glass_columns_c
D:2:      layout_basic, uniq_terence, uniq_crazy_yiuf_cottage, uniq_sigmund

Skill      XL: |  1  2 |
---------------+-------+-----
Long Blades    | 3 |  3.2
Ranged Weapons | 1 |  1.3
Fighting       | |  3.5
Armour         | |  1.9
Dodging        | |  1.8

Action                     || total
---------------------------++-------
  Melee: Falchion          ||    49
   Fire: Sling             ||    30
    Use: Potion            ||     3
         Scroll            ||     5
 Armour: Leather armour    ||     7
  Dodge: Dodged            ||    36

Table legend: (Time is in decaauts)
 A = Elapsed time spent in this place.
 B = Non-inter-level travel time spent in this place.
 C = Inter-level travel time spent in this place.
 D = Time resting spent in this place.
 E = Time spent auto-exploring this place.
 F = Levels seen in this place.
 G = Mean time per level.
                   A        B        C        D        E       F      G
               +--------+--------+--------+--------+--------+-----+--------+
         Total |    995 |    978 |     17 |     87 |    672 |   2 |  497.5 |
       Dungeon |    995 |    978 |     17 |     87 |    672 |   2 |  497.5 |
               +--------+--------+--------+--------+--------+-----+--------+

Top non-repeatable levels by time:
     D:1: 720 daAuts
     D:2: 275 daAuts
